AoeStats
← AiM | Facu1414

Arena

506024454Analyzed
4v4 RM · 19d ago on Sep 12, 2026· 60m 18s· 8 players
Game mode
Random Map
Map size
Large (8 player)
Population
200
Speed
Normal
Resources
Standard
Victory
Conquest
Starting age
Dark Age
Ending age
Imperial Age
RankedLock teamsTeams togetherTeam positionsShared explorationLock speedFull tech treeHidden civsTurbo modeCheats
Victory
Defeat
🇺🇸 Japanese · United States
1619
+14
1525
+18
1508
+19
🇺🇸 Georgians · United States
1488
+20
🇲🇽 Koreans · Mexico
1593
-19
🇦🇷 Armenians · Argentina
1588
-18
🇨🇱 Persians · Chile
1558
-17
🇦🇷 Cumans · Argentina
1552
-17
scoop
10:44 Feudal Age
14:25 Castle Age
12:13 Double-Bit Axe
12:32 Horse Collar
15:31 Bow Saw
18:35 Scale Mail Armor
21:10 Chain Mail Armor
24:39 Forging
24:39 Gold Mining
28:11 Wheelbarrow
33:56 Imperial Age
31:44 Loom
32:15 Hand Cart
32:01 Heavy Plow
33:11 Iron Casting
32:30 Pikeman
33:10 Squires
33:19 Fletching
34:00 Guard Tower
33:47 Man-at-Arms
34:13 Gambesons
34:46 Bodkin Arrow
35:34 Ballistics
34:41 Long Swordsman
35:49 Conscription
36:24 Masonry
36:11 Halberdier
40:48 Treadmill Crane
43:13 Plate Mail Armor
43:55 Yasama
43:56 Bracer
45:12 Kataparuto
46:13 Blast Furnace
46:33 Keep
47:06 Arrowslits
51:56 Siege Engineers
54:21 Chemistry
53:19 Long Swordsman
57:41 Two-Handed Swordsman
58:06 Arson
58:46 Champion
叫我靓仔啊 扑街
7:10 Loom
10:52 Feudal Age
12:15 Loom
14:51 Castle Age
22:59 Imperial Age
20:59 Double-Bit Axe
21:55 Eupseong
22:26 Fletching
25:14 Bodkin Arrow
27:54 Chemistry
32:59 Bracer
34:25 Arrowslits
36:35 Murder Holes
36:51 Fortified Wall
39:07 Wheelbarrow
40:05 Conscription
40:28 Elite Skirmisher
42:23 Scale Mail Armor
42:16 Gambesons
43:27 Squires
44:06 Arson
44:39 Forging
45:20 Hand Cart
45:50 Gold Mining
45:50 Stone Mining
46:23 Fortified Wall
47:30 Pikeman
59:25 Town Watch
jimmy
10:56 Feudal Age
12:18 Loom
14:47 Castle Age
12:39 Horse Collar
12:49 Double-Bit Axe
15:59 Bow Saw
25:50 Wheelbarrow
25:40 Heavy Plow
29:17 Imperial Age
27:26 Forging
27:19 Scale Mail Armor
26:56 Pikeman
27:38 Squires
28:21 Hand Cart
27:51 Town Watch
28:46 Iron Casting
29:44 Chain Mail Armor
29:19 Fletching
29:36 Halberdier
30:49 Gold Mining
30:50 Stone Mining
31:03 Capped Ram
32:44 Stone Shaft Mining
32:43 Plate Mail Armor
33:15 Blast Furnace
33:29 Siege Ram
35:16 Crop Rotation
34:47 Bodkin Arrow
35:28 Arson
36:23 Conscription
37:15 Guard Tower
38:01 Bracer
38:16 Masonry
37:46 Treadmill Crane
39:09 Chemistry
38:47 Svan Towers
39:37 Ballistics
39:54 Keep
39:14 Arrowslits
40:27 Architecture
40:29 Coinage
41:41 Fortified Wall
43:57 Banking
46:23 Scale Barding Armor
46:42 Light Cavalry
47:32 Bloodlines
47:23 Husbandry
47:21 Hussar
49:03 Chain Barding Armor
50:36 Plate Barding Armor
瓦兰吉程咬金三板斧
11:15 Feudal Age
14:51 Castle Age
12:38 Double-Bit Axe
13:36 Horse Collar
15:48 Bow Saw
24:21 Wheelbarrow
24:30 Heavy Plow
25:01 Scale Barding Armor
25:16 Loom
26:24 Gold Mining
26:28 Stone Mining
27:34 Bloodlines
31:45 Imperial Age
29:48 Ballistics
29:53 Corvinian Army
29:50 Fletching
30:45 Gold Shaft Mining
30:24 Husbandry
30:43 Bodkin Arrow
30:49 Padded Archer Armor
31:06 Thumb Ring
32:06 Masonry
32:31 Bracer
33:32 Chemistry
32:42 Recurve Bow
33:12 Parthian Tactics
33:24 Conscription
34:12 Leather Archer Armor
34:55 Hand Cart
35:54 Heavy Cavalry Archer
38:02 Chain Barding Armor
38:13 Ring Archer Armor
38:06 Chain Barding Armor
38:41 Elite Magyar Huszar
41:09 Plate Barding Armor
41:30 Elite Skirmisher
43:59 Two-Man Saw
43:30 Crop Rotation
44:56 Caravan
45:29 Coinage
48:44 Hoardings
48:21 Masonry
48:16 Siege Engineers
50:56 Caravan
AiM | Fubuki Sinri
10:02 Feudal Age
13:58 Castle Age
13:01 Double-Bit Axe
17:09 Loom
18:13 Horse Collar
20:58 Town Watch
22:07 Wheelbarrow
21:47 Fletching
23:21 Scale Mail Armor
23:20 Bodkin Arrow
26:42 Bow Saw
28:26 Hand Cart
28:11 Town Patrol
31:52 Imperial Age
30:22 Gold Mining
31:13 Ballistics
32:37 Bracer
33:39 Chemistry
34:00 Two-Man Saw
34:00 Conscription
33:55 Husbandry
39:58 Elite War Wagon
41:14 Thumb Ring
43:56 Town Patrol
46:23 Siege Engineers
47:02 Eupseong
46:49 Arrowslits
49:35 Masonry
49:32 Elite Skirmisher
AiM | PoRRo
10:35 Feudal Age
14:03 Castle Age
12:19 Double-Bit Axe
13:02 Horse Collar
21:07 Bow Saw
22:20 Wheelbarrow
23:09 Hand Cart
23:05 Heavy Plow
27:39 Imperial Age
25:22 Gold Mining
25:25 Loom
25:56 Scale Barding Armor
26:42 Gold Shaft Mining
26:20 Forging
26:50 Bloodlines
26:40 Husbandry
27:35 Chain Barding Armor
27:18 Cavalier
29:02 Plate Barding Armor
29:51 Iron Casting
30:35 Savar
32:36 Chemistry
34:25 Conscription
34:17 Capped Ram
36:59 Blast Furnace
36:47 Ballistics
37:09 Siege Ram
38:28 Stone Mining
39:53 Crop Rotation
40:25 Two-Man Saw
39:43 Padded Archer Armor
40:40 Light Cavalry
42:38 Elite Skirmisher
43:32 Kamandaran
43:51 Fletching
44:17 Leather Archer Armor
45:22 Bodkin Arrow
46:10 Ring Archer Armor
45:26 Hussar
47:07 Crossbowman
47:52 Thumb Ring
49:58 Pikeman
51:20 Heavy Camel Rider
51:43 Halberdier
53:47 Scale Mail Armor
54:35 Squires
AiM | Facu1414
9:15 Feudal Age
9:50 Double-Bit Axe
10:02 Horse Collar
19:56 Castle Age
17:44 Loom
19:21 Scale Barding Armor
19:27 Forging
20:02 Bloodlines
21:00 Chain Barding Armor
22:38 Wheelbarrow
21:51 Town Watch
24:30 Iron Casting
27:03 Gold Mining
27:26 Bow Saw
27:17 Heavy Plow
27:59 Hand Cart
28:03 Hand Cart
29:00 Gold Shaft Mining
28:19 Stone Mining
34:41 Imperial Age
32:45 Capped Ram
35:07 Town Patrol
34:46 Cavalier
36:01 Plate Barding Armor
36:27 Blast Furnace
36:52 Conscription
37:07 Paladin
37:42 Light Cavalry
40:35 Hussar
42:54 Coinage
44:06 Fletching
47:33 Blast Furnace
52:32 Siege Ram
52:50 Man-at-Arms
AIM | Agua cate 98
11:27 Feudal Age
11:19 Loom
15:22 Castle Age
13:52 Double-Bit Axe
13:49 Horse Collar
14:25 Fletching
14:33 Gold Mining
15:52 Stone Mining
23:56 Bodkin Arrow
25:03 Padded Archer Armor
27:12 Leather Archer Armor
27:36 Heavy Plow
29:11 Bow Saw
29:51 Wheelbarrow
35:44 Hand Cart
36:08 Ballistics
38:47 Imperial Age
40:34 Chemistry
39:38 Bracer
40:12 Ring Archer Armor
40:46 Crossbowman
42:06 Arbalester
43:53 Coinage
42:54 Elite Skirmisher
44:38 Onager
47:08 Block Printing
47:06 Town Watch
46:46 Capped Ram
47:49 Siege Ram
48:21 Siege Ram
49:21 Town Patrol
Connection lost

Rejoining the realm…

Still unreachable

The connection could not be restored.

Session expired

The server has moved on; the page needs a fresh start.